 Dungeon Crawl Stone Soup version 0.29-a0-284-gf9362112df (webtiles) character file.

Game seed: 10833577737494405839

21413 mistaj the Fighter (level 12, -5/90 HPs)
             Began as a Demonspawn Monk on Mar 22, 2022.
             Was a High Priest of Hepliaklqana.
             Slain by a two-headed ogre
             ... wielding a +0 giant club
              (15 damage)
             ... on level 13 of the Dungeon.
             The game lasted 00:26:51 (11553 turns).

mistaj the Fighter (Demonspawn Monk)               Turns: 11553, Time: 00:26:53

Health: -5/90      AC: 18    Str: 18    XL:     12   Next: 54%
Magic:  12/12      EV:  8    Int: 12    God:    Hepliaklqana [*****.]
Gold:   717        SH:  0    Dex: 16    Spells: 11/11 levels left

rFire   + . .      SeeInvis .   B - +6 triple sword "Wisayt" {elec, rC+}
rCold   + . .      Faith    .   (shield currently unavailable)
rNeg    + . .      Spirit   .   C - +2 chain mail {rN+}
rPois   .          Reflect  .   (helmet restricted)
rElec   .          Harm     .   (no cloak)
rCorr   .          Rampage  .   H - +1 pair of gloves of Muttered Phrases {Str+2 Slay+2}
Will    +....                   d - +0 pair of boots
Stlth   ..........              h - amulet of regeneration
HPRegen 1.05/turn               F - ring of willpower
MPRegen 0.13/turn               p - ring of protection from fire

@: no status effects
A: reduced essence, antennae 2, icy blue scales 2, demonic guardian 2, ignite
blood 2
a: Renounce Religion, Recall Ancestor, Ancestor Identity, Transference, Idealise


You were on level 13 of the Dungeon.
You worshipped Hepliaklqana.
Hepliaklqana was extremely pleased with you.
You visited 1 branch of the dungeon, and saw 13 of its levels.
You also visited: Bailey.

You collected 822 gold pieces.
You spent 105 gold pieces at shops.

Inventory:

Hand Weapons
 a - a +3 war axe
 k - a +5 flail
 v - a +2 mace of draining
 B - the +6 triple sword "Wisayt" (weapon) {elec, rC+}
   (You found it in a bailey)

   It occasionally discharges a powerful burst of electricity upon striking a
   foe.
   rC:        It protects you from cold.
 E - a +4 battleaxe
 L - a +3 scimitar of flaming
Missiles
 g - 30 poisoned darts (quivered)
Armour
 d - a +0 pair of boots (worn)
 C - a +2 chain mail of positive energy (worn)
 G - a +0 tower shield
 H - the +1 pair of gloves of Muttered Phrases (worn) {Str+2 Slay+2}
   (You found it on level 9 of the Dungeon)

   Str:       It affects your strength (+2).
   Slay:      It affects your accuracy & damage with ranged weapons and melee
   (+2).
Jewellery
 h - an amulet of regeneration (around neck)
 j - a ring of positive energy
 p - a ring of protection from fire (right hand)
 D - a ring of ice
 F - a ring of willpower (left hand)
Wands
 i - a wand of digging (8)
 n - a wand of acid (12)
 x - a wand of iceblast (8)
Scrolls
 b - 3 scrolls of fear
 f - 3 scrolls of identify
 m - 7 scrolls of enchant weapon
 t - a scroll of teleportation
 w - 5 scrolls of enchant armour
 y - 2 scrolls of amnesia
 z - 2 scrolls of fog
 K - a scroll of blinking
Potions
 c - 2 potions of ambrosia
 l - 2 potions of haste
 o - 5 potions of magic
 q - 2 potions of brilliance
 r - 8 potions of curing
 s - a potion of might {unknown}
 u - 3 potions of invisibility
 A - 3 potions of flight
 I - a potion of resistance {unknown}
 J - 2 potions of mutation {unknown}


   Skills:
 - Level 11.6 Fighting
 * Level 8.2 Long Blades
 - Level 9.4(11.3) Axes
 - Level 10.0(11.6) Maces & Flails
 + Level 5.3 Armour
 - Level 2.6 Dodging
 - Level 1.7 Stealth


You had 11 spell levels left.
You didn't know any spells.
Your spell library contained the following spells:

 Spells                   Type           Power      Damage    Failure   Level
 Slow                     Hex            0%         N/A       98%         1
 Confusing Touch          Hex            0%         N/A       100%        3
 Dazzling Flash           Conj/Hex       0%         N/A       100%        3
 Vampiric Draining        Necr           0%         2d6       100%        3
 Iskenderun's Mystic Bla  Conj/Tloc      0%         2d3       100%        4
 Fireball                 Conj/Fire      0%         3d3       100%        5
 Iskenderun's Battlesphe  Conj           0%         2d6       100%        5
 Conjure Ball Lightning   Conj/Air       0%         3x3d6     100%        6
 Dispersal                Tloc           0%         N/A       100%        6
 Starburst                Conj/Fire      0%         6d3       100%        6
 Orb of Destruction       Conj           0%         9d5       100%        7
 Disjunction              Tloc           0%         N/A       100%        8


Dungeon Overview and Level Annotations

Branches:
Dungeon (14/15)            Temple (0/1) D:6          Vaults (0/5) D:13
 Bailey (visited)
   Lair: D:8-11         Orc: D:9-12

Altars:
Hepliaklqana

Shops:
D:3 *

Annotations:
D:11 Erica


Innate Abilities, Weirdness & Mutations

Your life essence is reduced to manifest your ancestor. (-10% HP)
You have a pair of antennae on your head.
You are mostly covered in icy blue scales. (AC +3)
A demonic guardian rushes to your aid.
Your demonic aura often causes spilled blood to erupt in flames.


Message History

You open the door.
There is an open door, spattered with blood here.
You open the door.
There is an open door here.
You swap places.
There is an open door here.
There is an open door, spattered with blood here.
Found an escape hatch in the ceiling.
Found a stone staircase leading up.
You now have 717 gold pieces (gained 8).
Found an escape hatch in the floor.
There is an escape hatch in the floor here.
Found a club.
You see here a +0 club.
A two-headed ogre comes into view.
It is wielding a +0 giant club and a +0 giant spiked club.
The two-headed ogre shouts in stereo!
The two-headed ogre closely misses you.
The two-headed ogre hits you with a +0 giant spiked club!!
You barely miss the two-headed ogre.
The two-headed ogre hits you with a +0 giant club.
The two-headed ogre barely misses you.
You barely miss the two-headed ogre.
The two-headed ogre hits you with a +0 giant club!
The two-headed ogre barely misses you.
You slash the two-headed ogre!
The two-headed ogre is moderately wounded.
The two-headed ogre barely misses you.
The two-headed ogre hits you with a +0 giant spiked club.
You slice the two-headed ogre!!
The two-headed ogre is severely wounded.
The two-headed ogre hits you but does no damage.
The two-headed ogre hits you with a +0 giant spiked club!
You barely miss the two-headed ogre.
The two-headed ogre is severely wounded.
The two-headed ogre is engulfed in blazing flames.
The two-headed ogre hits you with a +0 giant club!!
* * * LOW HITPOINT WARNING * * *
A demonic guardian appears!
The two-headed ogre hits you with a +0 giant spiked club!
You die...

......# #..####.#
#)# #...# #.......#
#.#
...####..########.#
..................#
.#.......##########
.######.##
.........#
#.######.##
#...O@R4.#
##########


You could see the friendly Leofric the hexer, a two-headed ogre (ally target)
and a friendly rust devil (summoned).

Vanquished Creatures
  Jorgrun (D:14)
  Fannar (D:10)
  A two-headed ogre (D:9)
  A fire crab (shapeshifter) (D:9)
  A wizard (D:13)
  A deep elf pyromancer (D:13)
  A cyclops (D:9)
  Maurice (D:13)
  A polar bear (D:7)
  A troll (D:13)
  A merfolk (shapeshifter) (D:9)
  7 slime creatures
  A hornet (D:9)
  A water elemental (D:14)
  A wraith (D:7)
  3 wyverns
  23 yaks
  A steam dragon (D:9)
  2 vampire mosquitoes (D:13)
  An acid dragon (D:8)
  3 water moccasins
  5 ice beasts
  12 orc warriors
  Duvessa (D:5)
  A sky beast (D:6)
  A black bear (D:8)
  2 ogres
  A wolf (D:8)
  16 centaurs
  A phantom (D:4)
  2 gnoll sergeants (D:8)
  3 kobold brigands
  3 bullfrogs
  4 scorpions
  7 wights
  Dowan (D:5)
  9 killer bees
  10 howler monkeys
  A hexer (D:13)
  A hound (D:5)
  6 orc priests
  5 iguanas
  11 orc wizards
  Robin (D:2)
  5 adders
  10 gnolls
  A shadow imp (D:8)
  6 white imps
  A howler monkey simulacrum (D:8)
  An ufetubus (D:5)
  A dart slug (D:1)
  40 orcs
  5 ball pythons
  2 bats
  10 endoplasms
  3 giant cockroaches
  12 goblins
  8 hobgoblins
  6 jackals
  19 kobolds
  6 quokkas
  6 frilled lizards
  3 rats
  A spectral hobgoblin (D:5)
304 creatures vanquished.

Vanquished Creatures (collateral kills)
  A boulder beetle (D:9)
  A two-headed ogre (D:13)
  A cyclops (D:9)
  An efreet (D:14)
  A hornet (D:8)
  2 slime creatures (D:13)
  3 water elementals (D:14)
  A wyvern (D:8)
  A sky beast (D:5)
  A phantom (D:6)
  A centaur (D:7)
  2 wights (D:8)
  4 killer bees (D:9)
  A howler monkey (D:10)
  A hound (D:5)
  An orc priest (D:7)
  An orc wizard (D:6)
  A gnoll (D:8)
  A worm (D:2)
  7 orcs
  2 jackals (D:4)
  3 kobolds (D:7)
38 creatures vanquished.

Vanquished Creatures (others)
  A killer bee (D:9)
  3 hexers
  An orc (Bailey)
  56 plants (D:4)
61 creatures vanquished.

Grand Total: 403 creatures vanquished

Notes
Turn   | Place    | Note
-------+----------+-------------------------------------------
     0 | D:1      | mistaj the Demonspawn Monk began the quest for the Orb.
     0 | D:1      | Reached XP level 1. HP: 18/18 MP: 1/1
   645 | D:1      | Gained mutation: A weak demonic guardian rushes to your
                  | aid. [demonic ancestry]
   645 | D:1      | Reached XP level 2. HP: 24/24 MP: 2/2
  1534 | D:2      | Reached skill level 1 in Long Blades
  1534 | D:2      | Gained mutation: Your demonic aura sometimes causes spilled
                  | blood to erupt in flames. [demonic ancestry]
  1534 | D:2      | Reached XP level 3. HP: 20/29 MP: 3/3
  1825 | D:2      | Noticed Robin
  1858 | D:2      | Killed Robin
  2274 | D:2      | Gained mutation: You have a pair of small antennae on your
                  | head. [demonic ancestry]
  2274 | D:2      | Reached XP level 4. HP: 37/37 MP: 4/4
  2290 | D:2      | Reached skill level 4 in Fighting
  2751 | D:3      | Found a faded altar of an unknown god.
  2831 | D:3      | Found Nimetu's General Store.
  2834 | D:3      | Bought a scroll of enchant weapon for 105 gold pieces
  3342 | D:4      | Noticed a phantom
  3345 | D:4      | Killed a phantom
  3346 | D:4      | Gained mutation: Your demonic aura often causes spilled
                  | blood to erupt in flames. [demonic ancestry]
  3346 | D:4      | Reached XP level 5. HP: 40/43 MP: 5/5
  3355 | D:4      | Noticed an ogre
  3361 | D:4      | HP: 1/43 [ogre/+0 giant club (25)]
  3407 | D:4      | Killed an ogre
  3408 | D:4      | Reached skill level 5 in Fighting
  3484 | D:4      | Gained mutation: You are partially covered in icy blue
                  | scales. (AC +2) [demonic ancestry]
  3484 | D:4      | Reached XP level 6. HP: 44/51 MP: 6/6
  3735 | D:4      | Noticed a yak
  3904 | D:4      | Noticed a yak
  3910 | D:4      | Noticed a yak
  3916 | D:4      | Noticed a yak
  4002 | D:5      | Entered Level 5 of the Dungeon
  4078 | D:5      | Reached skill level 1 in Maces & Flails
  4194 | D:5      | Reached XP level 7. HP: 52/57 MP: 7/7
  4325 | D:5      | Reached skill level 6 in Fighting
  4591 | D:5      | Noticed Dowan
  4592 | D:5      | Noticed Duvessa
  4597 | D:5      | Killed Duvessa
  4605 | D:5      | Killed Dowan
  4606 | D:5      | Reached skill level 5 in Maces & Flails
  4606 | D:5      | Gained mutation: You are mostly covered in icy blue scales.
                  | (AC +3) [demonic ancestry]
  4606 | D:5      | Reached XP level 8. HP: 34/65 MP: 8/8
  4965 | D:5      | Found a hazy altar of Hepliaklqana.
  4975 | D:5      | Became a worshipper of Hepliaklqana the Forgotten
  4975 | D:5      | Reached * piety under Hepliaklqana
  4975 | D:5      | Reached ** piety under Hepliaklqana
  4976 | D:5      | Remembered your ancestor Leofric as a hexer
  5201 | D:6      | Found a staircase to the Ecumenical Temple.
  5256 | D:6      | Reached skill level 7 in Fighting
  5911 | D:7      | Reached XP level 9. HP: 66/66 MP: 9/9
  5950 | D:7      | Reached skill level 8 in Fighting
  6585 | D:4      | Reached skill level 9 in Fighting
  6868 | D:8      | Reached *** piety under Hepliaklqana
  6967 | D:8      | Noticed a polar bear
  6980 | D:7      | Killed a polar bear
  7005 | D:8      | Reached XP level 10. HP: 61/74 MP: 10/10
  7068 | D:8      | Reached skill level 10 in Maces & Flails
  7567 | D:8      | Reached skill level 5 in Axes
  7570 | D:8      | Reached skill level 10 in Fighting
  8063 | D:9      | Noticed a cyclops
  8076 | D:9      | Killed a cyclops
  8214 | D:9      | Noticed a boulder beetle
  8221 | D:9      | Gained mutation: A demonic guardian rushes to your aid.
                  | [demonic ancestry]
  8221 | D:9      | Reached XP level 11. HP: 46/82 MP: 11/11
  8229 | D:9      | Killed a boulder beetle
  8414 | D:9      | Noticed a fire crab
  8424 | D:9      | Killed a fire crab
  8429 | D:9      | Noticed a two-headed ogre
  8434 | D:9      | Killed a two-headed ogre
  8435 | D:9      | Reached skill level 11 in Fighting
  8581 | D:9      | Found a flagged portal.
  8605 | Bailey   | Entered a bailey
  8605 | Bailey   | Reached **** piety under Hepliaklqana
  8965 | Bailey   | Reached skill level 1 in Armour
  9120 | Bailey   | Identified the +6 triple sword "Wisayt" {elec, rC+}
  9483 | D:9      | Identified the +1 pair of gloves of Muttered Phrases {Str+2
                  | Slay+2}
  9680 | D:10     | Entered Level 10 of the Dungeon
  9757 | D:10     | Noticed Fannar
  9763 | D:10     | Killed Fannar
  9948 | D:10     | Reached skill level 5 in Long Blades
 10218 | D:10     | Gained mutation: You have a pair of antennae on your head.
                  | [demonic ancestry]
 10218 | D:10     | Reached XP level 12. HP: 90/90 MP: 12/12
 10335 | D:11     | Noticed Erica
 10335 | D:11     | You fall into a shaft and drop 3 floors!
 10725 | D:14     | Noticed Jorgrun
 10741 | D:14     | HP: 3/90 [constriction (6)]
 10745 | D:14     | Killed Jorgrun
 10874 | D:13     | Reached ***** piety under Hepliaklqana
 10886 | D:13     | Noticed Maurice
 10896 | D:13     | Paralysed by something for 2 turns
 10905 | D:13     | Killed Maurice
 11228 | D:13     | Found a gate to the Vaults.
 11228 | D:13     | Noticed a two-headed ogre
 11233 | D:13     | Killed a two-headed ogre
 11234 | D:13     | Reached skill level 5 in Armour
 11545 | D:13     | Noticed a two-headed ogre
 11553 | D:13     | Slain by a two-headed ogre

Illustrated notes

Levels and vault maps discovered:
D:1:      sevenhm_arrival_forest_fort_small_3, layout_basic
D:2:      layout_basic, uniq_robin
D:3:      layout_basic, serial_shops, nicolae_shop_behind_doors,
          shapermc_ecumenical_altar_notcrosses
D:4:      wad_woods_tower, layout_basic
D:5:      layout_gridville, nicolae_hepliaklqana_monster_ancestors, uniq_duvessa
D:6:      layout_loops_cross, minmay_temple_entry_poolview
D:7:      layout_gridville
D:8:      layout_loops_cross, serial_ice, serial_ice_l, serial_ice_b,
          serial_ice_n, serial_ice_o, serial_ice_a, dk_noncrumbling_3
D:9:      minmay_the_grid_four_pointed_star [minmay_the_grid_triangle_9x9_empty,
          minmay_the_grid_triangle_9x9_sprig,
          minmay_the_grid_triangle_9x9_negative_grid,
          minmay_the_grid_triangle_9x9_odd_lines,
          minmay_the_grid_prize_inner_circle], layout_rooms, enter_bailey_2,
          minmay_fractal_squares_gapless_5
D:10:     layout_roguey, uniq_fannar
D:11:     layout_loops_corners, david_lair_shrubbed, uniq_urug, uniq_erica
D:13:     layout_basic, david_vaults_1, uniq_maurice
D:14:     layout_irregular_city, minmay_misc_feat_hallway,
          nicolae_underground_beach, uniq_jorgrun

Skill      XL: |  1  2  3  4  5  6  7  8  9 10 11 12 |
---------------+-------------------------------------+-----
Axes           | 3 7 9 |  9.4
Long Blades    | 1 2 3 5 8 |  8.2
Fighting       | 4 5 6 7 9 10 11 | 11.6
Maces & Flails | 2 5 7 9 10 | 10.0
Armour         | 3 5 |  5.3
Dodging        | |  2.6
Stealth        | |  1.7

Action                   |  1- 3 |  4- 6 |  7- 9 | 10-12 || total
-------------------------+-------+-------+-------+-------++-------
Melee: Hand axe          |    29 |       |       |       ||    29
       Great sword       |    74 |    67 |       |       ||   141
       Mace              |       |    58 |   244 |    29 ||   331
       Punch             |       |     3 |     5 |       ||     8
       Battleaxe         |       |       |       |   231 ||   231
       Triple sword      |       |       |       |   128 ||   128
Invok: Ancestor Life: He |       |       |     1 |       ||     1
       Recall Ancestor   |       |       |       |     2 ||     2
  Use: Scroll            |       |       |     8 |    11 ||    19
       Potion            |       |       |       |     3 ||     3
 Stab: Distracted        |       |       |     2 |     7 ||     9
       Confused          |       |       |     1 |     5 ||     6
Armor: Chain mail        |    15 |       |    87 |   353 ||   455
       Robe              |     1 |       |       |       ||     1
       Plate armour      |    77 |   123 |    92 |       ||   292
Dodge: Dodged            |    24 |    31 |    96 |   227 ||   378

Table legend: (Time is in decaauts)
 A = Elapsed time spent in this place.
 B = Non-inter-level travel time spent in this place.
 C = Inter-level travel time spent in this place.
 D = Time resting spent in this place.
 E = Time spent auto-exploring this place.
 F = Levels seen in this place.
 G = Mean time per level.
                   A        B        C        D        E       F      G
               +--------+--------+--------+--------+--------+-----+--------+
         Total |  11832 |  11310 |    522 |   2504 |   5393 |  14 |  845.1 |
       Dungeon |  11129 |  10607 |    522 |   2400 |   5302 |  13 |  856.1 |
        Bailey |    702 |    702 |      0 |    104 |     91 |   1 |  702.0 |
               +--------+--------+--------+--------+--------+-----+--------+

Top non-repeatable levels by time:
     D:2: 1592 daAuts
     D:5: 1211 daAuts
     D:8: 1102 daAuts
     D:9: 1055 daAuts
     D:1: 975 daAuts
     D:4: 964 daAuts
     D:3: 862 daAuts
     D:6: 755 daAuts
    D:13: 706 daAuts
  Bailey: 702 daAuts
     D:7: 680 daAuts
    D:10: 677 daAuts
    D:14: 547 daAuts
